 Dungeon Crawl Stone Soup version 0.29-a0-559-g359e09b (webtiles) character file.

Game seed: 5841595560213824055

38 BingusPrime the Ruffian (level 3, -1/33 HPs)
             Began as a Ghoul Monk on June 10, 2022.
             Slain by a kobold
             ... wielding a +0 dagger
              (4 damage)
             ... on level 2 of the Dungeon.
             The game lasted 00:01:31 (904 turns).

BingusPrime the Ruffian (Ghoul Monk)                 Turns: 904, Time: 00:01:31

Health: -1/33      AC:  2    Str: 16    XL:     3   Next: 43%
Magic:  2/2        EV: 12    Int:  5    God:
Gold:   55         SH:  0    Dex: 11    Spells: 2/2 levels left

rFire   . . .      SeeInvis .     - Unarmed
rCold   + . .      Faith    .   (no shield)
rNeg    + + +      Spirit   .   a - +0 robe
rPois   ∞          Reflect  .   (no helmet)
rElec   .          Harm     .   (no cloak)
rCorr   .          Rampage  .   (no gloves)
Will    .....                   (no boots)
Stlth   ++........              (no amulet)
HPRegen 0.00/turn               (no ring)
MPRegen 0.08/turn               (no ring)

@: inhibited regen
A: claws 1, cold resistance 1, negative energy resistance 3, inhibited
regeneration, torment resistance 2, devour on kill
a: no special abilities


You were on level 2 of the Dungeon.
You visited 1 branch of the dungeon, and saw 2 of its levels.

You collected 55 gold pieces.

Inventory:

Armour
 a - a +0 robe (worn)
Scrolls
 f - a scroll of torment
 h - a scroll of identify
 i - a scroll of fear {unknown}
Potions
 b - 2 potions of ambrosia
 c - a potion of heal wounds {unknown}
 d - a potion of magic {unknown}
 e - a potion of curing {unknown}
 g - a potion of resistance {unknown}
 j - a potion of haste {unknown}


   Skills:
 + Level 3.7 Fighting
 + Level 3.1 Dodging
 + Level 2.8 Stealth
 + Level 3.7 Unarmed Combat


You had 2 spell levels left.
You didn't know any spells.
Your spell library contained the following spells:

 Spells                   Type           Power      Damage    Failure   Level
 Call Canine Familiar     Summ           0%         N/A       85%         3
 Portal Projectile        Hex/Tloc       0%         N/A       85%         3
 Leda's Liquefaction      Hex/Erth       0%         N/A       99%         4


Dungeon Overview and Level Annotations

Branches:
Dungeon (2/15)

Altars:


Innate Abilities, Weirdness & Mutations

You are immune to poison.
You have sharp fingernails.
Your flesh is cold resistant. (rC+)
You are immune to negative energy. (rN+++)
You do not regenerate when monsters are visible.
You are immune to unholy pain and torment.
You thrive by killing the living.


Message History

You barely miss the gnoll.
The gnoll is severely wounded.
The kobold hits you with a +0 dagger. The gnoll hits you with a +0 flail.
The gnoll completely misses you. The kobold hits you with a +0 whip.
You scratch the gnoll.
You kill the gnoll!
You feel better. The gnoll hits you with a +0 spear.
The kobold barely misses you. The kobold misses you.
You barely miss the gnoll. The gnoll hits you with a +0 spear.
The kobold barely misses you. The kobold hits you with a +0 dagger.
You are too injured to fight recklessly!
You are too injured to fight recklessly!
You scratch the gnoll.
The gnoll is lightly wounded.
The gnoll hits you with a +0 spear.
* * * LOW HITPOINT WARNING * * *
The kobold barely misses you. The kobold hits you with a +0 whip.
* * * LOW HITPOINT WARNING * * *
You scratch the gnoll. Your claw misses the gnoll.
The gnoll is moderately wounded.
The gnoll closely misses you. The kobold barely misses you.
The kobold misses you.
You scratch the gnoll but do no damage. You claw the gnoll, but do no damage.
The gnoll is moderately wounded.
The gnoll barely misses you. The kobold closely misses you.
The kobold barely misses you.
You scratch the gnoll.
The gnoll is heavily wounded.
The gnoll closely misses you. The kobold barely misses you.
The kobold hits you with a +0 dagger.
* * * LOW HITPOINT WARNING * * *
You completely miss the gnoll.
The gnoll is heavily wounded.
The kobold closely misses you. The gnoll misses you.
The kobold completely misses you.
A goblin comes into view. It is wielding a +0 dagger.
You barely miss the gnoll.
The gnoll is heavily wounded.
The kobold hits you with a +0 dagger.
You die...

#.......##
#..PPP.P..#
#.PP.P..P.##
#.PPP...P..#
#.PP.P..P..#
.......?...#
...P...K)g.#
...P.P..@..####
.g......K.....#
....#.+.......#
.. # #.......#
#.......#
#.........
#.........
#<......:.
#.....?..


You could see a gnoll, a goblin and 2 kobolds.

Vanquished Creatures
  2 gnolls (D:2)
  3 giant cockroaches (D:1)
  2 goblins (D:1)
  4 ball pythons (D:1)
  2 bats (D:1)
  2 frilled lizards (D:1)
  4 kobolds (D:1)
  A rat (D:1)
20 creatures vanquished.

Notes
Turn   | Place    | Note
-------+----------+-------------------------------------------
     0 | D:1      | BingusPrime the Ghoul Monk began the quest for the Orb.
     0 | D:1      | Reached XP level 1. HP: 19/19 MP: 0/0
   222 | D:1      | Reached XP level 2. HP: 26/26 MP: 1/1
   746 | D:1      | Found a faded altar of an unknown god.
   894 | D:2      | Reached XP level 3. HP: 31/31 MP: 2/2
   904 | D:2      | Slain by a kobold

Illustrated notes

Levels and vault maps discovered:
D:1:      dpeg_arrival_short_road, layout_rooms,
          hellmonk_ecumenical_altar_run_dry, minmay_door_square,
          minmay_tiny_reverse_x
D:2:      layout_basic, basic_altar, serial_curves, eino_curves_01,
          eino_curves_03, nicolae_grassy_gnolls

Skill      XL: |  1  2 |
---------------+-------+-----
Dodging        | 3 |  3.1
Fighting       | |  3.7
Stealth        | |  2.8
Unarmed Combat | |  3.7

Action                   || total
-------------------------++-------
Melee: Unarmed           ||    53
       Punch             ||     2
  Use: Scroll            ||     1
 Stab: Sleeping          ||     6
Armor: Robe              ||    12
Dodge: Dodged            ||    37

Table legend: (Time is in decaauts)
 A = Elapsed time spent in this place.
 B = Non-inter-level travel time spent in this place.
 C = Inter-level travel time spent in this place.
 D = Time resting spent in this place.
 E = Time spent auto-exploring this place.
 F = Levels seen in this place.
 G = Mean time per level.
                   A        B        C        D        E       F      G
               +--------+--------+--------+--------+--------+-----+--------+
         Total |    900 |    874 |     26 |      0 |    743 |   2 |  450.0 |
       Dungeon |    900 |    874 |     26 |      0 |    743 |   2 |  450.0 |
               +--------+--------+--------+--------+--------+-----+--------+

Top non-repeatable levels by time:
     D:1: 887 daAuts
     D:2: 13 daAuts
